 Dungeon Crawl Stone Soup version 0.31-a0-799-g6bc09d010c (webtiles) character file.

Game seed: 7732419852725638303

14 riojii the Ruffian (level 2, -3/21 HPs)
             Began as a Demonspawn Shapeshifter on Sept 20, 2023.
             Slain by a hobgoblin (5 damage)
             ... on level 1 of the Dungeon.
             The game lasted 00:01:11 (236 turns).

riojii the Ruffian (Demonspawn Shapeshifter)         Turns: 236, Time: 00:01:12

Health: -3/21      AC:  2    Str: 14    XL:     2   Next: 31%
Magic:  2/2        EV: 12    Int: 11    God:
Gold:   15         SH:  0    Dex: 12    Spells: 1/1 levels left

rFire   . .          .
                       - Unarmed
rCold   . . .        (no shield)
rNeg    . . .        a - +0 animal skin
rPois   .            (helmet currently unavailable)
rElec   .            (cloak currently unavailable)
rCorr   .            (gloves currently unavailable)
SInv    .            (boots currently unavailable)
Will    .....        (no amulet)
Stlth   +            (no ring)
HPRegen 0.23/turn    (no ring)
MPRegen 0.08/turn

%: no passive effects
@: beast-form
A: beast (slay +1), horns 1
a: Begin Untransformation


You were on level 1 of the Dungeon.
You were a hulking beast.
You visited 1 branch of the dungeon, and saw 1 of its levels.

You collected 15 gold pieces.

Inventory:

Armour
 a - a +0 animal skin (worn)
Talismans
 c - a beast talisman (active)
 d - a flux talisman
Scrolls
 e - a scroll of amnesia {unknown}
 f - a scroll of vulnerability {unknown}
Potions
 b - a potion of lignification


   Skills:
 + Level 1.3 Fighting
 - Level 1.7 Dodging
 * Level 3.0 Unarmed Combat
 * Level 3.0 Shapeshifting


You had one spell level left.
You didn't know any spells.
Your spell library was empty.

Dungeon Overview and Level Annotations

Branches:
Dungeon (1/15)

Altars:


Innate Abilities, Weirdness & Mutations

You are a hulking beast.
Your limbs bulge with bestial killing power. (Slay +1)
You have a pair of small horns on your head.


Message History

You are too injured to fight recklessly!
You are too injured to fight recklessly!
You are too injured to fight recklessly!
You barely miss the quokka.
The quokka is severely wounded.
The hobgoblin closely misses you.
The quokka bites you but does no damage.
You hit the quokka. You headbutt the quokka.
You kill the quokka!
The hobgoblin misses you.
Your Unarmed Combat skill increases to level 3!
You hit the dart slug.
The dart slug is moderately wounded.
The dart slug launches a dart at you. The slug dart hits you.
* * * LOW HITPOINT WARNING * * *
The hobgoblin misses you.
You hit the dart slug.
The dart slug is severely wounded.
The hobgoblin barely misses you. The dart slug barely misses you.
You hit the dart slug but do no damage.
The dart slug is severely wounded.
The hobgoblin misses you.
You hit the dart slug.
The dart slug is almost dead.
The dart slug bites you.
* * * LOW HITPOINT WARNING * * *
The hobgoblin closely misses you.
You hit the dart slug.
You kill the dart slug!
The hobgoblin misses you.
Your Shapeshifting skill increases to level 3!
You barely miss the hobgoblin. The hobgoblin closely misses you.
You hit the hobgoblin but do no damage. The hobgoblin hits you.
* * * LOW HITPOINT WARNING * * *
You closely miss the hobgoblin. The hobgoblin closely misses you.
You hit the hobgoblin.
The hobgoblin is lightly wounded.
The hobgoblin hits you.
You die...

#.# #... ######'####...
###........##...
#..........##...
#..........##.#+
#..........##.#.
.#.######...####'####.##
......†....>+...........
#.....h....####.####.#.
......g.....# #.# #.#.
............# #.# #...
......[..........# ###.
.........######### #.
........#. #. ..........
#. .######?#.. #. #.


You could see a hobgoblin.

Vanquished Creatures
  A dart slug (D:1)
  A bat (D:1)
  A goblin (D:1)
  2 jackals (D:1)
  A kobold (D:1)
  2 quokkas (D:1)
  A ball python (D:1)
  2 frilled lizards (D:1)
11 creatures vanquished.

Notes
Turn   | Place    | Note
-------+----------+-------------------------------------------
     0 | D:1      | riojii the Demonspawn Shapeshifter began the quest for the
                  | Orb.
     0 | D:1      | Reached XP level 1. HP: 15/15 MP: 1/1
   139 | D:1      | Gained mutation: You have a pair of small horns on your
                  | head. [demonic ancestry]
   139 | D:1      | Reached XP level 2. HP: 10/21 MP: 2/2
   236 | D:1      | Slain by a hobgoblin

Illustrated notes

Levels and vault maps discovered:
D:1:      minmay_arrival_four_circles, layout_basic,
          hellmonk_ecumenical_altar_leap_of_faith,
          ebering_dispersal_statue_hall, st_stairs_10

Skill      XL: |  1  2 |
---------------+-------+-----
Unarmed Combat | 3 |  3.0
Shapeshifting  | 3 |  3.0
Fighting       | |  1.3
Dodging        | |  1.7

Action                     || total
---------------------------++-------
  Melee: Unarmed           ||    31
         Punch             ||     2
         Headbutt          ||     2
   Stab: Sleeping          ||     1
 Armour: Animal skin       ||    22
  Dodge: Dodged            ||    18

Table legend: (Time is in decaauts)
 A = Elapsed time spent in this place.
 B = Non-inter-level travel time spent in this place.
 C = Inter-level travel time spent in this place.
 D = Time resting spent in this place.
 E = Time spent auto-exploring this place.
 F = Levels seen in this place.
 G = Mean time per level.
                   A        B        C        D        E       F      G
               +--------+--------+--------+--------+--------+-----+--------+
         Total |    234 |    234 |      0 |      0 |    178 |   1 |  234.0 |
       Dungeon |    234 |    234 |      0 |      0 |    178 |   1 |  234.0 |
               +--------+--------+--------+--------+--------+-----+--------+

Top non-repeatable levels by time:
     D:1: 234 daAuts
